Map: Dusk Towers

Players

HaNfy

  • Race: Zerg Zerg
  • League: Grandmaster

Miszu - Winner!

  • Race: Terran Terran
  • League: Grandmaster

VOD

Have the link to the VOD?

Description

Time

  • Played on: Feb. 20, 2016, 2:01 p.m.
  • Length: 4:41
Show
View Real Time Build Order
Export as new Build Order

HaNfy Zerg 

Build Orders: Hatch First 

Get SALT Encoding   

  12  0:01  Drone  
  13  0:09  Drone  
  14  0:17  Overlord  
  14  0:24  Extractor, Drone  
  15  0:35  Drone x2  
  17  0:54  Hatchery  
  17  0:55  Drone  
  17  0:58  Drone  
  17  1:02  Extractor  
  17  1:13  Spawning Pool  
  17  1:16  Drone  
  17  1:22  Drone  
  18  1:28  Drone  
  19  1:41  Overlord  
  20  1:53  Hatchery  
  19  2:00  Queen  
  19  2:01  Zergling x4, Spine Crawler  
  21  2:05  Metabolic Boost  
  22  2:10  Zergling x2  
  23  2:21  Zergling x2  
  24  2:32  Zergling x2  
  24  2:36  Queen  
  18  2:53  Zergling x4  
  20  3:05  Zergling x4  
  19  3:12  Zergling x2  
Show
View Real Time Build Order
Export as new Build Order

Miszu Terran - Winner!

Build Orders:  

Get SALT Encoding   

  12  0:00  SCV  
  13  0:12  SCV  
  14  0:18  Supply Depot  
  14  0:24  SCV  
  15  0:40  Barracks  
  15  0:52  Barracks  
  15  1:06  Barracks  
  15  1:28  Marine  
  15  1:29  Barracks  
  16  1:39  Marine  
  17  1:41  Supply Depot  
  17  1:46  Marine  
  18  1:53  Marine  
  19  1:56  Marine  
  20  2:04  Marine  
  21  2:11  Marine  
  21  2:14  Marine  
  23  2:21  Marine  
  23  2:22  Marine  
  25  2:29  Marine  
  26  2:32  Marine  
  27  2:39  Marine  
  27  2:40  Marine  
  29  2:46  Marine  
  29  2:50  Marine  
  27  2:57  Marine  
  27  2:58  Marine  
  29  3:04  Marine  
  30  3:08  Marine  
  29  3:15  Marine  
  29  3:16  Marine  
  29  3:22  Marine  
  29  3:25  Marine  
  31  3:33  Marine  
  31  4:03  Marine  
  31  4:07  Marine  
  31  4:18  Marine  
Tags
 
Add a new tag
Caveats
  • Supply blocks, unpowered buildings, or Contaminate may cause inaccurate times.
  • Supply counts are checked every 10 seconds.